 Dungeon Crawl Stone Soup version 0.19.0-22-gd96e5fe (webtiles) character file.

31 Rrauwl the Covered (level 3, 26/26 HPs)
             Began as a Formicid Wanderer on Nov 19, 2016.
             Got out of the dungeon alive.
             The game lasted 00:05:40 (671 turns).

Rrauwl the Covered (Formicid Wanderer)               Turns: 671, Time: 00:05:41

Health: 26/26      AC:  5    Str: 12 (14) XL:     3   Next: 40%
Magic:  3/3        EV: 10    Int: 14 (15) God:
Gold:   14         SH:  0    Dex:  8 (9)  Spells: 0 memorised, 2 levels left

rFire  . . .     SeeInvis +     a - +2 mace
rCold  . . .     Gourm    +     b - +0 ring mail
rNeg   . . .     Faith    .     (no shield)
rPois  .         Spirit   .     (helmet unavailable)
rElec  .         Reflect  .     (no cloak)
rCorr  .         Harm     .     (no gloves)
MR     .....                    (no boots)
Stlth  +.........               q - amulet of the gourmand
                                (no ring)
                                e - ring of flight

@: no status effects
A: permanent stasis, dig shafts and tunnels, four strong arms, antennae 3
a: Dig, Shaft Self, Evoke Flight


You escaped.
You were not hungry.

You visited 1 branch of the dungeon, and saw 1 of its levels.

You collected 14 gold pieces.

Inventory:

Hand Weapons
 a - a +2 mace (weapon)
 j - a +0 club
 l - a +0 club
 m - a +0 club
 n - a +0 club
 p - a +0 short sword
 r - a +0 whip
Missiles
 f - 26 sling bullets
 i - 61 stones (quivered)
 s - 2 large rocks
Armour
 b - a +0 ring mail (worn)
 g - a +0 leather armour
 o - a +0 leather armour
Jewellery
 e - a ring of flight (left hand)
 q - an amulet of the gourmand (around neck)
Potions
 c - a potion of curing
Comestibles
 d - a bread ration
 h - 4 chunks of flesh
 k - 7 fruits


   Skills:
 + Level 1.2 Fighting
 + Level 1.2 Maces & Flails
 + Level 4.3 Armour
 + Level 0.5 Dodging
 + Level 1.2 Stealth
   Level 1.2 Shields
   Level 2.4 Hexes
   Level 1.2 Earth Magic


You had 2 spell levels left.
You didn't know any spells.

Dungeon Overview and Level Annotations

Branches:
Dungeon (1/15)

Altars:


Innate Abilities, Weirdness & Mutations

You are under a permanent stasis effect.
You can dig through walls and to a lower floor.
Your four strong arms can wield two-handed weapons with a shield.
You have a pair of large antennae on your head. (SInv)


Message History

Found 2 large rocks.
You see here 2 large rocks.
s - 2 large rocks
Found a viscous purple potion.
t - a viscous purple potion Some of the chunks of flesh in your inventory have rotted away.
It was a potion of degeneration.
There was something very wrong with that liquid.
You feel weakened.
You feel dopey.
You feel clumsy.
You open the door.
There is an open door here.
You open the door.
There is an open door here.
You see here a kobold skeleton.
There is an open door here.
There is a staircase leading out of the dungeon here.
Are you sure you want to leave the Dungeon?
This will make you lose the game!
Uppercase [Y]es or [N]o only, please.
Are you sure you want to leave the Dungeon?
This will make you lose the game!
You have escaped!

........###............#.....#...
........#..............'.......#'
........#......#.......#..)....#.
........#.....###......#.#.......
........#......#.........#.#.####
........#.............##.#.#...#
........#..#..>#...#..##.#...#.##
........#.###.###.###.##.###.#...
........#..#...#@..#...#.###.####
...........................#.....
########.......#...........###...
#......###..........# #...
#.......#...........# #...
#..............####.# ####
#.........###### #.#####
########### #.....# #####.#


There were no monsters in sight!

Vanquished Creatures
  2 dart slugs (D:1)
  2 leopard geckos (D:1)
  5 bats (D:1)
  2 giant cockroaches (D:1)
  2 goblins (D:1)
  3 hobgoblins (D:1)
  A frilled lizard (D:1)
  4 kobolds (D:1)
  3 rats (D:1)
24 creatures vanquished.

Notes
Turn   | Place    | Note
-------+----------+-------------------------------------------
     0 | D:1      | Rrauwl the Formicid Wanderer began the quest for the Orb.
     0 | D:1      | Rrauwl set off with: a +2 mace, a +0 ring mail, a potion of curing, a bread ration
     0 | D:1      | Reached XP level 1. HP: 15/15 MP: 1/1
   155 | D:1      | Reached XP level 2. HP: 16/21 MP: 2/2
   180 | D:1      | Reached skill level 4 in Armour
   355 | D:1      | Reached XP level 3. HP: 22/26 MP: 3/3
   671 | D:$      | Got out of the dungeon alive.

Skill      XL: |  1  2 |
---------------+-------+-----
Armour         | 4 |  4.3
Fighting       | |  1.2
Maces & Flails | |  1.2
Dodging        | |  0.5
Stealth        | |  1.2
Shields        | |  1.2
Hexes          | |  2.4
Earth Magic    | |  1.2

Action                   || total
-------------------------++-------
Melee: Mace              ||    86
  Use: Scroll            ||     2
       Potion            ||     1
  Eat: Chunk             ||     3
Armor: Ring mail         ||    41
Dodge: Dodged            ||    53
